 Dungeon Crawl Stone Soup version 0.31-a0-1098-g6898e6545c (webtiles) character file.

Game seed: 9679280349078266787

116090 Malachi the Slicer (level 16, -6/122 HPs)
             Began as a Demonspawn Ice Elementalist on Nov 30, 2023.
             Was an Initiate of Gozag.
             Mangled by a dire elephant (16 damage)
             ... on level 5 of the Lair of Beasts.
             The game lasted 00:54:00 (24982 turns).

Malachi the Slicer (Demonspawn Ice Elementalist)   Turns: 24982, Time: 00:54:00

Health: -6/122     AC: 31    Str:  8    XL:     16   Next: 20%
Magic:  13/29      EV: 14    Int: 24    God:    Gozag
Gold:   3994       SH:  9    Dex: 16    Spells: 20/34 levels left

rFire   + . .        k - +3 dagger (elec)
rCold   + . .        (no shield)
rNeg    . . .        D - +5 ring mail {rC+}
rPois   .            (helmet unavailable)
rElec   .            M - scarf {+Inv}
rCorr   .            N - +2 pair of gloves {Stlth+}
SInv    .            O - +2 pair of boots {Stlth+}
Will    +....        a - amulet of reflection
Stlth   ++++++       c - +4 ring of protection
HPRegen 0.40/turn    v - ring of protection from fire
MPRegen 0.21/turn

%: reflection
@: ice-armoured
A: horns 3, molten scales 1, condensation shield, demonic magic 3, clever 1
a: Renounce Religion, Evoke Invisibility, Potion Petition, Call Merchant, Bribe
Branch


You were on level 5 of the Lair of Beasts.
You worshipped Gozag.
Gozag was most pleased with you.
You visited 3 branches of the dungeon, and saw 18 of its levels.
You also visited: Sewer and Volcano.

You collected 5421 gold pieces.
You spent 894 gold pieces at shops.
You paid 533 gold pieces to Gozag.

Inventory:

Hand Weapons
 k - a +3 dagger of electrocution (weapon)
 z - a +2 rapier of speed
 E - a +3 short sword of distortion
Missiles
 f - a throwing net
 L - 5 curare-tipped darts
Armour
 D - a +5 ring mail of cold resistance (worn)
 M - a scarf of invisibility (worn)
 N - a +2 pair of gloves of stealth (worn)
 O - a +2 pair of boots of stealth (worn)
Magical Staves
 I - a staff of cold
 Q - the staff of Gith {rPois Will+ Str-4 Int+2 Conj}
   (You found it on level 5 of the Lair of Beasts)

   [staff of conjuration]

   Base accuracy: +5 Base damage: 5 Base attack delay: 1.2 This weapon's minimum
   attack delay (0.6) is reached at skill level 12.
   Str-4:     It affects your strength (-4).
   Int+2:     It affects your intelligence (+2).
   rPois:     It protects you from poison Will+: It increases your willpower.
   Conj:      It increases the power of your Conjurations spells.
   It falls into the 'Staves' category.
   It is a one-handed weapon.
Jewellery
 a - an amulet of reflection (around neck)
 c - a +4 ring of protection (left hand)
 v - a ring of protection from fire (right hand)
 x - a +5 ring of evasion
 J - a ring of willpower
Wands
 l - a wand of flame (3)
 n - a wand of mindburst (12)
 q - a wand of quicksilver (9)
 s - a wand of digging (2)
Scrolls
 d - 3 scrolls of enchant armour
 e - 6 scrolls of fear
 h - a scroll of blinking
 i - 2 scrolls of immolation
 m - 10 scrolls of teleportation
 p - a scroll of amnesia
 r - 4 scrolls of poison
 t - 3 scrolls of fog
 y - 2 scrolls of identify
 F - 5 scrolls of revelation
 G - 2 scrolls of vulnerability
 K - a scroll of summoning
Potions
 b - 4 potions of magic
 g - 4 potions of invisibility
 j - 4 potions of heal wounds
 o - 3 potions of haste
 u - 6 potions of curing
 w - 2 potions of resistance
 A - a potion of mutation
 B - 2 potions of might
 C - a potion of cancellation
 P - a potion of enlightenment
Miscellaneous
 H - a phial of floods


   Skills:
 - Level 10.0 Fighting
 - Level 10.0 Short Blades
 - Level 10.0 Armour
 - Level 10.0 Dodging
 - Level 10.0 Stealth
 + Level 9.9 Spellcasting
 + Level 6.6 Necromancy
 - Level 10.0 Ice Magic


You had 20 spell levels left.
You knew the following spells:

 Your Spells              Type           Power      Damage    Failure   Level
a - Freeze                Ice            100%       1d10      1%          1
b - Frozen Ramparts       Ice            100%       1d16      1%          3
c - Ozocubu's Armour      Ice            56%        N/A       1%          3
d - Dispel Undead         Necr           43%        3d17      9%          4
e - Vampiric Draining     Necr           43%        2d9       2%          3

Your spell library contained the following spells:

 Spells                   Type           Power      Damage    Failure   Level
 Necrotise                Necr           100%       1d9       1%          1
 Ensorcelled Hibernation  Hex/Ice        70%        N/A       2%          2
 Kiss of Death            Conj/Necr      100%       2d13      3%          1
 Hailstorm                Conj/Ice       35%        3d9       4%          3
 Magic Dart               Conj           44%        1d5       13%         1
 Summon Ice Beast         Ice/Summ       35%        N/A       17%         4
 Blink                    Tloc           22%        N/A       21%         2
 Jinxbite                 Hex            22%        N/A       21%         2
 Lesser Beckoning         Tloc           22%        N/A       21%         2
 Momentum Strike          Conj/Tloc      22%        3d8       21%         2
 Searing Ray              Conj           22%        2d5       21%         2
 Static Discharge         Conj/Air       22%        3-4/arc   21%         2
 Wereblood                Tmut           11%        N/A       21%         2
 Agony                    Necr           43%        N/A       24%         5
 Anguish                  Hex/Necr       13%        N/A       32%         4
 Confusing Touch          Hex            11%        N/A       36%         3
 Ignite Poison            Fire/Tmut/Pois 11%        N/A       36%         3
 Airstrike                Air            5%         2d(1-17)  78%         4
 Fulminant Prism          Conj/Hex       5%         3d6       78%         4
 Leda's Liquefaction      Hex/Erth       5%         N/A       78%         4
 Manifold Assault         Tloc           11%        N/A       78%         4
 Sticky Flame             Conj/Fire      11%        2d3       78%         4
 Summon Lightning Spire   Summ/Air       11%        N/A       78%         4
 Irradiate                Conj/Tmut      5%         3d13      98%         5
 Lee's Rapid Deconstruct  Erth           5%         3d6*      98%         5
 Bombard                  Conj/Erth      5%         9d2       100%        6
 Dispersal                Tloc           5%         N/A       100%        6
 Disjunction              Tloc           5%         N/A       100%        8
 Ignition                 Fire           5%         3d4       100%        8
 Simulacrum               Ice/Necr       Unusable   N/A       N/A         6

Dungeon Overview and Level Annotations

Branches:
Dungeon (12/15)            Temple (1/1) D:4            Lair (5/5) D:10
  Swamp (0/4) Lair:2        Snake (0/4) Lair:2        Slime (0/5) Lair:4
    Orc (0/2) D:9           Sewer (visited)         Volcano (visited)

Altars:
Ashenzari
Cheibriados
Dithmenos
Fedhas
Gozag
Hepliaklqana
Kikubaaqudgha
Makhleb
Nemelex Xobeh
Okawaru
Qazlal
Ru
Sif Muna
Trog
Uskayaw
Vehumet
Wu Jian
Xom
Yredelemnul

Shops:
D:2 (   D:6 *   D:7 :   D:11 [??

Portals:
Abyss: Lair:5


Innate Abilities, Weirdness & Mutations

You have a pair of large horns on your head.
You are partially covered in molten scales. (AC +2)
A meltable shield of frost defends you. (SH +4)
Spells you cast and wands you use may paralyse nearby enemies.
Your mind is acute. (Int +4, Str/Dex -1)


Message History

The dire elephant trunk-slaps you but does no damage.
There is an open door, spattered with blood here.
You see here 25 gold pieces.
You hit the dire elephant.
The dire elephant is lightly wounded.
The dire elephant tramples you!!
You hold your ground!
The dire elephant closely misses you.
The dire elephant tramples you but does no damage.
The dire elephant trunk-slaps you but does no damage.
Unknown command.
Casting: Vampiric Draining (mildly dangerous; 2% risk of failure)
Confirm with . or Enter, or press ? or * to list all spells.
A film of ice covers your body! Malevolent energies surge around you.
The dire elephant barely misses you. The dire elephant trunk-slaps you!
* * * LOW HITPOINT WARNING * * *
Unknown command.
Unknown command.
Casting: Ozocubu's Armour (safe; 1% risk of failure)
Confirm with . or Enter, or press ? or * to list all spells.
Aiming: Vampiric Draining (mildly dangerous; 2% risk of failure)
Press: ? - help, Shift-Dir - straight line, f - dire elephant
Aim: a dire elephant (lightly wounded)
You draw life force from the dire elephant.
You feel life coursing into your body. Malevolent energies surge around you.
The dire elephant tramples you!!
* * * LOW HITPOINT WARNING * * *
You hold your ground!
The dire elephant trunk-slaps you!
* * * LOW HITPOINT WARNING * * *
Unknown command.
You hit the dire elephant but do no damage.
Lightning courses through the dire elephant!
The dire elephant is moderately wounded.
As you read the scroll of fear, it crumbles to dust.
You assume a fearsome visage.
The dire elephant looks frightened!
The dire elephant resists with almost no effort.
You hit the dire elephant but do no damage.
The dire elephant is moderately wounded.
The dire elephant tramples you!
You die...
Your body crumbles into a pile of gold.

######## ###......♣♣ #.......P.♣♣
###P........P♣ #...#..#P......
### ### ####''#''####♣♣..
.P##8...8##~~.##8....#..8#
..8#[?...'~≈~.YY@....#..P#
...#$:Z..'≈≈≈~.#8.####.#.#
.[.#8...8#≈≈≈≈.####....#+#
..8#######.~~~~#....####
..###8.8###.~###.####
####8.⌠P8#####..P##♣♣♣# #
...............###...P♣## ##
#####'''########♣.......♣####♣##.
#................................


You could see 2 dire elephants.

Vanquished Creatures
  The ghost of Silenceoftheyaks the Summoner, a journeyman DsSu of Ru (Lair:5)
  Nessos (Lair:5)
  A dire elephant (Lair:5)
  The ghost of nitefall the Carver, a journeyman MiBe of Trog (Lair:2)
  Snorg (D:11)
  7 hydras
  An ogre mage (D:10)
  A boulder beetle (D:12)
  3 centaur warriors (D:10)
  A two-headed ogre (D:10)
  2 thrashing horrors (Lair:5)
  A hell knight (Volcano)
  2 death yaks (Lair:5)
  Sonja (D:11)
  Nergalle (Lair:1)
  A spectral death yak (Lair:5)
  A spectral anaconda (Lair:5)
  A skyshark (Lair:5)
  2 spriggan druids (Lair:2)
  An orc knight (Volcano)
  A deep elf pyromancer (Volcano)
  An ugly thing (D:10)
  3 necromancers (Lair:5)
  An oklob plant (Lair:2)
  3 salamanders (Volcano)
  A manticore (D:12)
  2 cyclopes
  A large abomination (Lair:5)
  26 elephants
  Joseph (D:9)
  2 black mambas
  3 dire elephant zombies (Lair:5)
  4 molten gargoyles (Volcano)
  6 kobold demonologists
  5 gargoyles
  10 cane toads
  4 rime drakes
  A dire elephant skeleton (Lair:5)
  7 komodo dragons
  A red devil (Lair:5)
  A queen bee (shapeshifter) (D:10)
  11 trolls
  4 hornets
  A hellwing (Lair:5)
  A polar bear (Lair:5)
  12 blink frogs
  2 dream sheep (Lair:4)
  Sigmund (D:2)
  2 shadows
  6 wyverns
  3 wraiths
  A spriggan (Lair:5)
  2 vampires
  2 steam dragons
  22 yaks
  5 basilisks
  4 nagas (Lair:2)
  An acid dragon (D:10)
  Duvessa (D:6)
  14 water moccasins
  3 black bears
  3 orc warriors
  2 sky beasts
  2 ice beasts
  2 ogres
  The ghost of flt the Firebug, an amateur DgFE (D:4)
  7 centaurs
  An elephant skeleton (Lair:5)
  Blork the orc (D:5)
  2 phantoms
  5 kobold brigands
  17 bullfrogs
  A scorpion (D:5)
  5 gnoll sergeants (D:9)
  13 wights
  3 killer bees (D:11)
  Dowan (D:6)
  2 elephant simulacra (Lair:5)
  A howler monkey (D:10)
  3 gnoll boudas
  3 hounds
  14 jellies
  13 orc priests
  3 iguanas
  A sleepcap (D:7)
  Terence (D:2)
  14 orc wizards
  Natasha (thrice) (D:2)
  A centaur simulacrum (D:10)
  A mummy (D:4)
  20 gnolls
  8 adders
  3 river rats (Sewer)
  3 shadow imps
  4 ufetubi (D:7)
  2 worms (D:4)
  2 dart slugs
  43 orcs
  19 ball pythons
  14 endoplasms
  3 giant cockroaches
  10 goblins
  3 hobgoblins
  3 jackals (D:4)
  18 kobolds
  4 quokkas
  A quokka (shapeshifter) (D:10)
  4 bats
  7 frilled lizards
  27 rats
537 creatures vanquished.

Vanquished Creatures (others)
  2 vampires (D:10)
  A human (D:6)
3 creatures vanquished.

Grand Total: 540 creatures vanquished

Notes
Turn   | Place    | Note
-------+----------+-------------------------------------------
     0 | D:1      | Malachi the Demonspawn Ice Elementalist began the quest for
                  | the Orb.
     0 | D:1      | Reached XP level 1. HP: 13/13 MP: 3/3
   119 | D:1      | Gained mutation: Spells you cast may paralyse adjacent
                  | enemies. [demonic ancestry]
   119 | D:1      | Reached XP level 2. HP: 19/19 MP: 1/5
   381 | D:1      | You fall into a shaft and drop 1 floor!
   461 | D:2      | Reached skill level 1 in Short Blades
   461 | D:2      | Reached XP level 3. HP: 22/24 MP: 3/7
  1009 | D:2      | Noticed Sigmund
  1180 | D:2      | Killed Sigmund
  1181 | D:2      | Gained mutation: You are partially covered in molten
                  | scales. (AC +2) [demonic ancestry]
  1181 | D:2      | Reached XP level 4. HP: 23/30 MP: 5/8
  1181 | D:2      | Gained mutation: A meltable shield of frost defends you.
                  | (SH +4) [demonic ancestry]
  1181 | D:2      | Reached XP level 5. HP: 27/35 MP: 5/9
  1262 | D:2      | Noticed Terence
  1268 | D:2      | Killed Terence
  1295 | D:2      | Found Tanuag's Antique Weapon Emporium.
  1351 | D:2      | Noticed Natasha
  1359 | D:2      | Killed Natasha
  1567 | D:2      | Noticed Natasha
  1574 | D:2      | Killed Natasha
  1575 | D:2      | Gained mutation: You have a pair of small horns on your
                  | head. [demonic ancestry]
  1575 | D:2      | Reached XP level 6. HP: 41/41 MP: 6/10
  1877 | D:2      | Noticed Natasha
  1883 | D:2      | Killed Natasha
  2688 | D:3      | Found an opulent altar of Gozag.
  3010 | D:4      | Found a glowing drain.
  3043 | Sewer    | Entered a sewer
  3398 | Sewer    | Reached skill level 5 in Short Blades
  3401 | Sewer    | Reached XP level 7. HP: 39/46 MP: 6/11
  3531 | D:4      | Found a runed translucent door.
  3701 | D:4      | Reached skill level 5 in Ice Magic
  3976 | D:4      | Identified the amulet "Vuapp" {Faith +Inv}
  3998 | D:4      | Found a staircase to the Ecumenical Temple.
  4088 | D:4      | Found a bloodstained altar of Trog.
  4576 | D:4      | Noticed flt's ghost (amateur DgFE)
  4584 | D:4      | Killed flt's ghost
  4682 | Temple   | Entered the Ecumenical Temple
  4819 | D:3      | Became a worshipper of Gozag Ym Sagoz the Greedy
  4955 | D:5      | Entered Level 5 of the Dungeon
  5018 | D:5      | Noticed Blork the orc
  5022 | D:5      | Reached skill level 1 in Fighting
  5022 | D:5      | Reached XP level 8. HP: 54/54 MP: 11/13
  5031 | D:5      | Killed Blork the orc
  5113 | D:5      | Learned a level 3 spell: Frozen Ramparts
  5117 | D:5      | Learned a level 3 spell: Ozocubu's Armour
  6061 | D:6      | Found a snail-covered altar of Cheibriados.
  6180 | D:6      | Reached skill level 5 in Spellcasting
  6214 | D:6      | Found Zuxtecw's Elemental Accessories.
  6256 | D:6      | Found an ancient bone altar of Kikubaaqudgha.
  6388 | D:6      | Noticed Duvessa
  6388 | D:6      | Noticed Dowan
  6395 | D:6      | Killed Duvessa
  6399 | D:6      | Killed Dowan
  6673 | D:6      | Reached XP level 9. HP: 59/59 MP: 13/16
  6921 | D:6      | Gained mutation: You have sharp fingernails. [potion of
                  | mutation]
  6921 | D:6      | Gained mutation: You sometimes lose your temper in combat.
                  | [potion of mutation]
  6924 | D:7      | Noticed a kobold demonologist
  6924 | D:7      | Noticed a kobold demonologist
  6924 | D:7      | Found a transporter.
  7169 | D:7      | Found a transporter.
  7280 | D:7      | Found a sparkling altar of Nemelex Xobeh.
  7808 | D:7      | Found Kexec's Self-Published Books.
  7853 | D:7      | Found a hide-covered altar of Uskayaw.
  8319 | D:7      | Noticed a red devil
  8319 | D:7      | Killed a kobold demonologist
  8348 | D:7      | Killed a kobold demonologist
  8349 | D:7      | Reached skill level 5 in Fighting
  8637 | D:7      | Lost mutation: You have sharp fingernails. [potion of
                  | mutation]
  8637 | D:7      | Lost mutation: You sometimes lose your temper in combat.
                  | [potion of mutation]
  8637 | D:7      | Gained mutation: Your muscles are strong. (Str +4, Int/Dex
                  | -1) [potion of mutation]
  8637 | D:7      | Gained mutation: Your muscles are very strong. (Str +8,
                  | Int/Dex -2) [potion of mutation]
  8804 | D:8      | Found a shimmering blue altar of Sif Muna.
  8885 | D:8      | Reached skill level 1 in Armour
  8885 | D:8      | Gained mutation: You have a pair of horns on your head.
                  | [demonic ancestry]
  8885 | D:8      | Reached XP level 10. HP: 57/74 MP: 13/17
  9036 | D:8      | Found a blossoming altar of Fedhas.
  9037 | D:8      | Found a sacrificial altar of Ru.
  9039 | D:8      | Found a shimmering altar of Xom.
  9093 | D:8      | Found a radiant altar of Vehumet.
 10380 | D:9      | Noticed Joseph
 10388 | D:9      | Killed Joseph
 10676 | D:9      | Found a staircase to the Orcish Mines.
 11113 | D:10     | Entered Level 10 of the Dungeon
 11181 | D:10     | Noticed a two-headed ogre
 11194 | D:10     | Killed a two-headed ogre
 11426 | D:10     | Found a staircase to the Lair.
 11438 | D:10     | Identified the +7 swamp dragon scales of Tateocso {+Inv
                  | rPois}
 11524 | D:10     | Reached skill level 5 in Dodging
 11752 | D:10     | Reached skill level 10 in Short Blades
 11752 | D:10     | Reached XP level 11. HP: 75/79 MP: 11/18
 11759 | D:10     | Reached skill level 5 in Armour
 11834 | D:10     | Found a burning altar of Makhleb.
 12045 | D:10     | Noticed a centaur warrior
 12049 | D:10     | Noticed a red ugly thing
 12051 | D:10     | Killed a centaur warrior
 12055 | D:10     | Killed a red ugly thing
 12095 | D:10     | Noticed an ogre mage
 12099 | D:10     | Noticed a centaur warrior
 12104 | D:10     | Killed an ogre mage
 12113 | D:10     | Killed a centaur warrior
 12129 | D:10     | Reached skill level 10 in Ice Magic
 12134 | D:10     | Noticed a centaur warrior
 12260 | D:10     | Killed a centaur warrior
 12519 | D:10     | Lost mutation: Your muscles are very strong. (Str +8,
                  | Int/Dex -2) [potion of mutation]
 12519 | D:10     | Lost mutation: Your muscles are strong. (Str +4, Int/Dex
                  | -1) [potion of mutation]
 12519 | D:10     | Gained mutation: Your mind is acute. (Int +4, Str/Dex -1)
                  | [potion of mutation]
 12629 | D:11     | Found Hugiuwud's Magic Scroll Shop.
 12629 | D:11     | Found Maetingogat's Magic Scroll Shop.
 12631 | D:11     | Found Archa's Antique Armour Shop.
 12637 | D:11     | Bought a scroll of enchant armour for 90 gold pieces
 12637 | D:11     | Bought a scroll of enchant armour for 90 gold pieces
 12639 | D:11     | Bought a scroll of summoning for 114 gold pieces
 12639 | D:11     | Bought a scroll of teleportation for 36 gold pieces
 12641 | D:11     | Noticed Sonja
 12655 | D:11     | Killed Sonja
 12821 | D:11     | Bought a runed scarf for 240 gold pieces
 12954 | D:11     | Noticed Snorg
 12981 | D:11     | Killed Snorg
 13677 | D:11     | Reached XP level 12. HP: 76/86 MP: 19/22
 13882 | D:12     | Noticed a boulder beetle
 13891 | D:12     | Killed a boulder beetle
 14882 | D:11     | Bought a scroll of blinking for 97 gold pieces
 14882 | D:11     | Bought a scroll of fear for 52 gold pieces
 14882 | D:11     | Bought a scroll of enchant armour for 97 gold pieces
 14882 | D:11     | Bought a scroll of teleportation for 39 gold pieces
 14882 | D:11     | Bought a scroll of teleportation for 39 gold pieces
 15052 | Lair:1   | Entered Level 1 of the Lair of Beasts
 15058 | Lair:1   | Noticed Nergalle
 15075 | Lair:1   | Killed Nergalle
 15120 | Lair:1   | Reached skill level 5 in Stealth
 16569 | Lair:2   | Found a staircase to the Snake Pit.
 16788 | Lair:2   | Found a transporter.
 16788 | Lair:2   | Noticed nitefall's ghost (journeyman MiBe)
 16911 | Lair:2   | Found a staircase to the Swamp.
 16929 | Lair:2   | Gained mutation: Spells you cast may paralyse nearby
                  | enemies. [demonic ancestry]
 16929 | Lair:2   | Reached XP level 13. HP: 42/98 MP: 7/23
 17266 | Lair:2   | Found a transporter.
 17398 | Lair:2   | You fall into a shaft and drop 2 floors!
 18557 | Lair:2   | Killed nitefall's ghost
 18648 | Lair:3   | Reached XP level 14. HP: 93/94 MP: 24/24
 18649 | Lair:3   | Gained mutation: Spells you cast and wands you use may
                  | paralyse nearby enemies. [demonic ancestry]
 18649 | Lair:3   | Reached XP level 15. HP: 100/101 MP: 25/25
 20271 | Lair:4   | Reached skill level 10 in Fighting
 20408 | Lair:4   | Found a staircase to the Slime Pits.
 21444 | Lair:5   | Entered Level 5 of the Lair of Beasts
 21444 | Lair:5   | Found a dark tunnel.
 21452 | Volcano  | Entered a volcano
 21604 | Volcano  | Reached skill level 10 in Armour
 21604 | Volcano  | Reached skill level 10 in Dodging
 21612 | Volcano  | Noticed an orb of fire
 21772 | Volcano  | Noticed an orb of fire
 21792 | Volcano  | Reached skill level 10 in Stealth
 22624 | Lair:5   | Learned a level 4 spell: Dispel Undead
 22632 | Lair:5   | Found a transporter.
 22664 | Lair:5   | Found a transporter.
 22772 | Lair:5   | Reached skill level 1 in Necromancy
 22811 | Lair:5   | Found a one-way gate to the infinite horrors of the Abyss.
 22811 | Lair:5   | Noticed Silenceoftheyaks's ghost (journeyman DsSu)
 23245 | Lair:5   | Killed Silenceoftheyaks's ghost
 23965 | Lair:5   | Noticed Nessos
 23972 | Lair:5   | Killed Nessos
 23989 | Lair:5   | Gained mutation: You have a pair of large horns on your
                  | head. [demonic ancestry]
 23989 | Lair:5   | Reached XP level 16. HP: 122/122 MP: 20/29
 24173 | Lair:5   | Reached skill level 5 in Necromancy
 24689 | Lair:5   | Identified the staff of Gith {rPois Will+ Str-4 Int+2 Conj}
 24700 | Lair:5   | Learned a level 3 spell: Vampiric Draining
 24982 | Lair:5   | Mangled by a dire elephant

Illustrated notes

Levels and vault maps discovered:
D:1:      giann_forest_graveyard, layout_basic
D:2:      layout_basic, serial_shops, nicolae_shop_tiny_real_fake_doors,
          minmay_misc_feat_tower, minivault_14, reono_crystal_passage,
          minivault_4, uniq_natasha, uniq_terence, uniq_sigmund
D:3:      layout_loops_corners, pdpol_temple_overflow_zin_treasury_gozag_greed
D:4:      layout_basic, amcnicky_altar_gilded, lemuel_temple_firewalk_b,
          ebering_ghost_reflecting_pool, cheibrodos_sewer_entry_bend,
          gup_ossuary_entry_pyramid
D:5:      layout_loops_ring, minmay_door_square, uniq_blork_the_orc
D:6:      layout_basic, tgw_kikubaaqudgha, mainiacjoe_overflow_24_doors,
          abandoned_shop, nicolae_elemental_shop, uniq_duvessa
D:7:      gammafunk_wand_slinger, layout_rooms, mainiacjoe_overflow_boulevard,
          mainiacjoe_overflow_paths, nicolae_custom_books
D:8:      layout_basic, nicolae_tso_swordbearing_angel,
          mainiacjoe_overflow_brackets, mainiacjoe_overflow_cross_hatched,
          grunt_temple_overflow_open
D:9:      layout_basic, kennysheep_orc_monster_closet_entryway,
          nicolae_nh_ransacked_shop, uniq_joseph
D:10:     minmay_the_grid_octo_2x2 [minmay_the_grid_octo_vomiting_pacman,
          minmay_the_grid_octo_tetromino_candy,
          minmay_the_grid_octo_thin_diamonds,
          minmay_the_grid_octo_prize_ultimate_mussel_roller], layout_basic
D:11:     layout_roguey, nicolae_shop_distant_corner_stores, uniq_sonja,
          uniq_snorg
D:12:     layout_basic, lemuel_flame_loot_1
Temple:   hellmonk_temple_rainy
Lair:1:   layout_gridlike, serial_rivers, chequers_serial_rivers_large_a,
          chequers_serial_rivers_small_b, chequers_serial_rivers_room_a,
          chequers_serial_rivers_micro_c, chequers_serial_rivers_small_b,
          evilmike_ambush [evilmike_ambush_outer_pillars,
          evilmike_ambush_inner_basic], uniq_nergalle
Lair:2:   layout_regular_city, mainiacjoe_swamp_entry_angry_trees,
          minmay_snake_entry_guardpost_small, gammafunk_ghost_arena
Lair:3:   layout_small_grid, st_stairs_5
Lair:4:   layout_roguey, minmay_slime_entry_jelly_boxes,
          dreamdust_gnoll_shepherd
Lair:5:   due_jungle_book, layout_gridlike, gammafunk_ghost_abyssal_escape,
          nicolae_volcano_entry_two_sided, st_stairs_12, uniq_nessos

Skill      XL: |  1  2  3  4  5  6  7  8  9 10 11 12 13 14 15 16 |
---------------+-------------------------------------------------+-----
Short Blades   | 1 4 5 6 8 10 | 10.0
Spellcasting   | 3 5 7 9 |  9.9
Ice Magic      | 4 5 7 8 10 | 10.0
Stealth        | 2 3 6 8 10 | 10.0
Fighting       | 1 5 7 9 10 | 10.0
Dodging        | 2 5 7 8 9 10 | 10.0
Armour         | 1 4 5 7 8 9 10 | 10.0
Necromancy     | 4 6 |  6.6

Action                     |  1- 3 |  4- 6 |  7- 9 | 10-12 | 13-15 | 16-18 || total
---------------------------+-------+-------+-------+-------+-------+-------++-------
  Melee: Unarmed           |     6 |       |       |       |       |       ||     6
         Dagger            |    32 |   113 |   306 |   571 |   733 |   269 ||  2024
         Club              |     3 |       |       |       |       |       ||     3
         Headbutt          |       |     7 |    53 |   131 |   187 |   101 ||   479
         Punch             |       |       |     2 |     9 |     7 |    10 ||    28
   Cast: Freeze            |    31 |    35 |    77 |    45 |    25 |       ||   213
         Frozen Ramparts   |       |       |       |    30 |    36 |     2 ||    68
         Ozocubu's Armour  |       |       |       |    34 |    31 |     8 ||    73
         Vampiric Draining |       |       |       |       |       |     5 ||     5
 Invoke: Potion Petition   |       |       |       |       |     1 |       ||     1
  Evoke: Wand              |       |       |     9 |     7 |     3 |       ||    19
    Use: Scroll            |       |     6 |     9 |     6 |     3 |     1 ||    25
         Potion            |       |       |     9 |     3 |     8 |       ||    20
   Stab: Paralysed         |    11 |    14 |    31 |    41 |    25 |     2 ||   124
         Sleeping          |     4 |    14 |     9 |     3 |    16 |     2 ||    48
         Distracted        |       |       |     1 |       |     4 |     3 ||     8
         Invisible         |       |       |       |       |     1 |       ||     1
 Armour: Robe              |    28 |    59 |    53 |       |       |       ||   140
         Leather armour    |       |       |    40 |       |       |       ||    40
         Ring mail         |       |       |    87 |   281 |   331 |   134 ||   833
  Dodge: Dodged            |    35 |    80 |   141 |   341 |   309 |    75 ||   981
  Block: Other             |       |    32 |    63 |   167 |   181 |    53 ||   496
         Reflection        |       |       |     1 |    15 |     1 |       ||    17

Table legend: (Time is in decaauts)
 A = Elapsed time spent in this place.
 B = Non-inter-level travel time spent in this place.
 C = Inter-level travel time spent in this place.
 D = Time resting spent in this place.
 E = Time spent auto-exploring this place.
 F = Levels seen in this place.
 G = Mean time per level.
                   A        B        C        D        E       F      G
               +--------+--------+--------+--------+--------+-----+--------+
         Total |  24188 |  22109 |   2079 |   4045 |  13388 |  20 | 1209.4 |
       Dungeon |  14804 |  12971 |   1833 |   1750 |   8817 |  12 | 1233.7 |
        Temple |     17 |      8 |      9 |      0 |      0 |   1 |   17.0 |
          Lair |   7749 |   7513 |    236 |   1559 |   4203 |   5 | 1549.8 |
         Sewer |    457 |    457 |      0 |     54 |    216 |   1 |  457.0 |
       Volcano |   1159 |   1159 |      0 |    682 |    152 |   1 | 1159.0 |
               +--------+--------+--------+--------+--------+-----+--------+

Top non-repeatable levels by time:
  Lair:5: 2120 daAuts
     D:7: 1741 daAuts
  Lair:2: 1572 daAuts
    D:10: 1563 daAuts
     D:4: 1461 daAuts
  Lair:1: 1427 daAuts
  Lair:4: 1335 daAuts
     D:9: 1334 daAuts
  Lair:3: 1293 daAuts
     D:3: 1164 daAuts
    D:11: 1163 daAuts
 Volcano: 1159 daAuts
     D:8: 1157 daAuts
     D:6: 1151 daAuts
    D:12: 1149 daAuts
